 Dungeon Crawl Stone Soup version 0.18-a0-79-gb542d04 (webtiles) character file.

120 Duffy the Caller (level 4, 33/33 HPs)
             Began as a Draconian Summoner on Nov 13, 2015.
             Quit the game on level 2 of the Dungeon.
             The game lasted 00:02:28 (1987 turns).

Duffy the Caller (Draconian Summoner)               Turns: 1987, Time: 00:02:28

Health: 33/33      AC:  5    Str: 10    XL:     4   Next: 75%
Magic:  7/7        EV: 15    Int: 16    God:
Gold:   144        SH:  0    Dex: 12    Spells: 3 memorised, 2 levels left

rFire  . . .     SeeInvis .     n - +1 flail (crush)
rCold  . . .     Clarity  .     (armour unavailable)
rNeg   . . .     SustAt   .     (no shield)
rPois  .         Gourm    .     (helmet restricted)
rElec  .         Spirit   .     (no cloak)
rCorr  .         Warding  .     (no gloves)
rMut   .         Stasis   .     (no boots)
MR     .....                    (no amulet)
Stlth  ++........               (no ring)
                                j - +3 ring of evasion

@: not resistant to hostile enchantments, unstealthy
A: unfitting armour, cold-blooded, AC +5
a: no special abilities


You were on level 2 of the Dungeon.
You were not hungry.

You visited 1 branch of the dungeon, and saw 2 of its levels.

You collected 144 gold pieces.


Innate Abilities, Weirdness & Mutations

Your plain brown scales are hard (AC +5).
Your body does not fit into most forms of armour.
You are cold-blooded and may be slowed by cold attacks.


   Skills:
 - Level 1.7 Dodging
 - Level 1.7 Stealth
 + Level 2.5 Spellcasting
 * Level 5.9 Summonings


You had 2 spell levels left.
You knew the following spells:

 Your Spells              Type           Power        Failure   Level  Hunger
a - Summon Small Mammal   Summ           ###.         1%          1    #......
i - Call Imp              Summ           ###.....     2%          2    ##.....
n - Call Canine Familiar  Summ           ###.....     6%          3    ###....

Inventory:

Hand Weapons
 c - a +0 dagger
 k - a +0 spear
 n - a +1 flail of crushing (weapon)
Missiles
 e - 8 poisoned needles
 f - 127 stones (quivered)
 g - 4 javelins
Jewellery
 j - a +3 ring of evasion (left hand)
Scrolls
 h - a scroll of recharging {unknown}
 i - 2 scrolls of identify {unknown}
Potions
 d - 2 potions of mutation {unknown}
 l - a potion of curing {unknown}
 o - 2 potions of flight {unknown}
Books
 a - a book of Callings
Comestibles
 b - 3 bread rations
 m - a meat ration

Dungeon Overview and Level Annotations

Branches:
Dungeon (2/15)

Altars:
Dithmenos
Makhleb


Message History

No target in view!
No target in view!
No target in view!
No target in view!
No target in view!
A bat comes into view.
A bat is nearby!
A bat is nearby!
Found 3 gold pieces.
The helpless bat fails to defend itself.
You thump the bat!
You kill the bat!
No target in view!
No target in view!
No target in view!
No target in view!
No target in view!
No target in view!
No target in view!
No target in view!
No target in view!
No target in view!
No target in view!
No target in view!
No target in view!
No target in view!
No target in view!
No target in view!
You now have 144 gold pieces (gained 3).
All of the chunks of flesh in your inventory have rotted away.
Found a plate armour.
Done exploring.
Done exploring.
No target in view!
Are you sure you want to abandon this character and quit the game? (Confirm with "yes".)

##### #...#
######..[# ##
#...##...#
.########.).##...#
............##...#
######......##...#
##.(..#####..@#
#......# #...#
#......## ##.##
#.......## #.#
#........###.###
##.....#........##
###.....###........##
#...##..###..##.>...#
....###..#..###.....#


There were no monsters in sight!

Action                   |  1- 3 |  4- 6 || total
-------------------------+-------+-------++-------
Melee: Dagger            |    67 |       ||    67
       Spear             |    71 |       ||    71
       Flail             |     3 |    37 ||    40
 Cast: Summon Small Mamm |     5 |       ||     5
       Call Imp          |     1 |       ||     1
       Call Canine Famil |     1 |       ||     1
 Stab: Distracted        |     1 |       ||     1
       Sleeping          |     2 |     3 ||     5
  Eat: Chunk             |     2 |     2 ||     4

Notes
Turn   | Place    | Note
--------------------------------------------------------------
     0 | D:1      | Duffy the Draconian Summoner began the quest for the Orb.
     0 | D:1      | Reached XP level 1. HP: 14/14 MP: 3/3
   166 | D:1      | Reached XP level 2. HP: 17/20 MP: 3/5
   178 | D:1      | Learned a level 2 spell: Call Imp
   718 | D:1      | Reached skill level 5 in Summonings
   785 | D:1      | Reached XP level 3. HP: 26/26 MP: 6/6
  1114 | D:2      | Learned a level 3 spell: Call Canine Familiar
  1212 | D:2      | Noticed Terence
  1248 | D:2      | Killed Terence
  1483 | D:2      | Reached XP level 4. HP: 27/33 MP: 7/7
  1645 | D:2      | Found a shadowy altar of Dithmenos.
  1703 | D:2      | Noticed Jessica
  1720 | D:2      | Killed Jessica
  1869 | D:2      | Found a burning altar of Makhleb.
  1987 | D:2      | Quit the game

Vault maps used:
D:1:      erik_arrival_triangle_medium
D:2:      bloody_makhleb, nicolae_dithmenos_shadow_blocks, uniq_jessica,
          uniq_terence

Vanquished Creatures
  Jessica Terence
  2 adders
  An ooze
  2 worms
  A giant gecko
  6 goblins
  5 hobgoblins
  6 jackals
  A quokka
  A ball python
  10 bats
  2 giant cockroaches
  2 giant newts
  5 kobolds
  4 rats
50 creatures vanquished.
